 Dungeon Crawl Stone Soup version 0.29.1-15-g9cfb28693d (webtiles) character file.

Game seed: 3078390363851659091

50892 Anriel the Basher (level 14, 0/181 HPs)
             Began as a Minotaur Gladiator on Feb 28, 2023.
             Was an Initiate of Gozag.
             Slain by a salamander
             ... wielding a +0 halberd
              (4 damage)
             ... in a volcano.
             The game lasted 01:53:01 (21107 turns).

Anriel the Basher (Minotaur Gladiator)             Turns: 21107, Time: 01:53:05

Health: 0/181      AC: 21    Str: 22    XL:     14   Next: 21%
Magic:  0/13       EV: 12    Int:  5    God:    Gozag
Gold:   1310       SH:  0    Dex: 19    Spells: 13/13 levels left

rFire   + . .      SeeInvis .   q - +5 eveningstar (flame)
rCold   + + .      Faith    .   (no shield)
rNeg    + . .      Spirit   +   B - +0 plate armour
rPois   +          Reflect  .   c - +1 hat
rElec   .          Harm     .   (no cloak)
rCorr   .          Rampage  .   k - +1 pair of gloves of Lojitit {*Slow rPois Dex+5}
Will    +....                   M - +0 pair of boots
Stlth   ..........              I - amulet "Nythibry" {Spirit rPois rN+}
HPRegen 0.40/turn               V - +4 ring of slaying
MPRegen 0.13/turn               i - ring "Filetot" {rF+ rC++}

@: berserking (expiring), gold aura, very quick
A: horns 2, retaliatory headbutt
a: Renounce Religion, Potion Petition, Call Merchant, Bribe Branch


You were in a volcano.
You worshipped Gozag.
Gozag was most pleased with you.
You visited 3 branches of the dungeon, and saw 17 of its levels.
You visited the Abyss 1 time.
You also visited: Volcano.

You collected 3680 gold pieces.
You spent 984 gold pieces at shops.
You paid 1386 gold pieces to Gozag.

Inventory:

Hand Weapons
 g - a +0 dire flail
 l - the +5 morningstar "Mypp" {vorpal, Drain Str+6}
   (You bought it in a shop on level 6 of the Dungeon)

   It inflicts extra damage upon your enemies.
   Str:       It affects your strength (+6).
   Drain:     It drains your maximum health when unequipped.
 q - a +5 eveningstar of flaming (weapon)
 s - the +5 flail of the Transmuting Bear {vorpal, MP+9 Str+2 Dex+2}
   (You found it on level 4 of the Dungeon)

   It inflicts extra damage upon your enemies.
   Str:       It affects your strength (+2).
   Dex:       It affects your dexterity (+2).
   MP:        It affects your magic capacity (+9).
Missiles
 d - a throwing net
 n - 73 poisoned darts
 y - 3 atropa-tipped darts
 A - a boomerang (quivered)
 O - 2 curare-tipped darts
Armour
 c - a +1 hat (worn)
 k - the +1 pair of gloves of Lojitit (worn) {*Slow rPois Dex+5}
   (You found it on level 6 of the Dungeon)

   Dex:       It affects your dexterity (+5).
   rPois:     It protects you from poison.
   *Slow:     It may slow you when you take damage.
 v - a +1 pair of gloves of infusion
 B - a +0 plate armour (worn)
 M - a +0 pair of boots (worn)
Jewellery
 a - the amulet of Holl {Reflect +Inv rC+ SH+5}
   (You took it off a meliai on level 9 of the Dungeon)

   [amulet of reflection]

   It reflects blocked missile attacks.
   rC:        It protects you from cold.
   +Inv:      It lets you turn invisible.
   SH:        It affects your SH (+5).
 i - the ring "Filetot" (right hand) {rF+ rC++}
   (You took it off a wight on level 9 of the Dungeon)

   [ring of protection from fire]

   rF:        It protects you from fire.
   rC:        It greatly protects you from cold.
 G - the ring of Lucidity {Fly rN+ rCorr Int-2 Slay+3}
   (You bought it in a shop on level 6 of the Dungeon)

   [ring of resist corrosion]

   Int:       It affects your intelligence (-2).
   Slay:      It affects your accuracy & damage with ranged weapons and melee
   (+3).
   rN:        It protects you from negative energy.
   Fly:       It grants you flight.
   rCorr:     It protects you from acid and corrosion.
 I - the amulet "Nythibry" (around neck) {Spirit rPois rN+}
   (You found it on level 9 of the Dungeon)

   [amulet of guardian spirit]

   It causes incoming damage to be divided between your reserves of health and
   magic.
   rPois:     It protects you from poison.
   rN:        It protects you from negative energy.
 J - the ring of Axtutz {Ice Str+2 SInv}
   (You found it on level 9 of the Dungeon)

   [ring of ice]

   It enhances your ice magic.
   Str:       It affects your strength (+2).
   rF:        It makes you vulnerable to fire.
   rC:        It protects you from cold.
   SInv:      It lets you see invisible.
 V - a +4 ring of slaying (left hand)
Wands
 e - a wand of quicksilver (2)
 o - a wand of flame (39)
 D - a wand of polymorph (14)
 L - a wand of charming (14)
Scrolls
 p - 3 scrolls of enchant weapon
 t - 2 scrolls of teleportation
 w - 2 scrolls of fog
 x - 2 scrolls of immolation
 C - 3 scrolls of poison
 F - 4 scrolls of identify
Potions
 f - 3 potions of flight
 h - a potion of berserk rage
 j - a potion of cancellation
 r - a potion of resistance
 u - a potion of haste {unknown}
Miscellaneous
 b - a piece from Xom's chessboard (15/15)
 Q - a piece from Xom's chessboard (15/15)
 Y - a tin of tremorstones (2/2)


   Skills:
 - Level 10.0 Fighting
 + Level 14.7 Maces & Flails
 - Level 11.0 Throwing
 + Level 13.6 Armour
 - Level 10.0 Dodging
 - Level 10.0 Evocations


You had 13 spell levels left.
You didn't know any spells.
Your spell library contained the following spells:

 Spells                   Type           Power      Damage    Failure   Level
 Beastly Appendage        Tmut           0%         N/A       99%         1
 Summon Small Mammal      Summ           0%         N/A       99%         1
 Scorch                   Fire           0%         2d5       100%        2
 Sublimation of Blood     Necr           0%         N/A       100%        2
 Wereblood                Tmut           0%         N/A       100%        2
 Call Canine Familiar     Summ           0%         N/A       100%        3
 Ozocubu's Armour         Ice            0%         N/A       100%        3
 Spider Form              Tmut/Pois      0%         N/A       100%        3
 Summon Guardian Golem    Hex/Summ       0%         N/A       100%        3
 Flame Wave               Conj/Fire      0%         2d4       100%        4
 Olgreb's Toxic Radiance  Pois           0%         N/A       100%        4
 Petrify                  Tmut/Erth      0%         N/A       100%        4
 Borgnjor's Vile Clutch   Necr/Erth      0%         N/A       100%        5
 Irradiate                Conj/Tmut      0%         3d11      100%        5
 Metabolic Englaciation   Hex/Ice        0%         N/A       100%        5
 Summon Forest            Summ/Tloc      0%         N/A       100%        5
 Summon Mana Viper        Hex/Summ       0%         N/A       100%        5
 Death Channel            Necr           0%         N/A       100%        6
 Eringya's Noxious Bog    Tmut/Pois      0%         N/A       100%        6
 Summon Cactus Giant      Summ           0%         N/A       100%        6
 Ozocubu's Refrigeration  Ice            0%         4d7       100%        7
 Summon Hydra             Summ           0%         N/A       100%        7
 Ignition                 Fire           0%         3d3       100%        8
 Animate Dead             Necr           Unusable   N/A       N/A         4
 Simulacrum               Ice/Necr       Unusable   N/A       N/A         6

Dungeon Overview and Level Annotations

Branches:
Dungeon (15/15)            Temple (1/1) D:5            Lair (1/5) D:9
    Orc (0/2) D:10         Vaults (0/5) D:13         Depths (0/4) D:15
Volcano (1/1)

Altars:
Ashenzari
Cheibriados
Dithmenos
Elyvilon
Fedhas
Gozag
Hepliaklqana
Kikubaaqudgha
Makhleb
Nemelex Xobeh
Okawaru
Qazlal
Ru
Sif Muna
Trog
Uskayaw
Vehumet
Wu Jian
Xom
Yredelemnul
Zin
The Shining One

Shops:
D:3 (   D:6 ?[(===   D:13 [   D:15 (


Innate Abilities, Weirdness & Mutations

You have a pair of horns on your head.
You reflexively headbutt those who attack you in melee.


Message History

The salamander looks as sick as possible!
The salamander barely misses you.
Okay, then.
A red film seems to cover your vision as you go berserk!
You feel yourself moving faster!
You feel mighty!
The salamander hits you with a +0 glaive!
* * * LOW HITPOINT WARNING * * *
You are engulfed in flames.
You resist.
* * * LOW HITPOINT WARNING * * *
The salamander looks as sick as possible!
The salamander hits you from afar with a +0 halberd.
* * * LOW HITPOINT WARNING * * *
You are engulfed in flames.
You resist.
* * * LOW HITPOINT WARNING * * *
You barely miss the salamander.
The salamander is severely wounded.
The salamander hits you but does no damage.
You puncture the salamander!
The salamander is almost dead.
The salamander is engulfed in poison gas.
The salamander looks as sick as possible!
The salamander hits you from afar with a +0 halberd.
* * * LOW HITPOINT WARNING * * *
You are engulfed in flames.
You resist.
* * * LOW HITPOINT WARNING * * *
You are too berserk!
You sock the salamander!
You kill the salamander!
The salamander is engulfed in poison gas.
The salamander looks as sick as possible!
Things that are here:
5 gold pieces; a +0 glaive; a potion of mutation You are too berserk!
You slam the door shut with a bang!
You feel a strong urge to attack something.
The salamander is engulfed in poison gas.
The salamander looks as sick as possible!
The salamander hits you from afar with a +0 halberd.
You die...
Your body crumbles into a pile of gold.

#≈≈≈§≈#######≈≈§§
≈§§###.!!..###≈§ #
≈##.#.!.).#.## ##≈
#..'.$.$.'..#
#≈≈§##..'.._..'..##
≈≈≈≈#...#.....#..§#≈§
≈§§§#.§§#######§§§#≈§
§≈§§#.☼§'☼☼N!@+§§§#≈§
≈≈≈≈#.§§#§§○○§#☼☼§#§§
≈§≈≈#...#8§○☼8#..☼#§§
≈§§ ##.☼☼§○§§§§..## ≈
§ #☼§○§§§§§§..#
≈≈##☼#8○§○8#☼##§
≈≈≈###☼§○☼§###§§
≈≈§§≈☼§☼§§○☼§≈≈§
≈§≈≈§≈8...8≈§§§#


You could see a salamander (extremely poisoned).

Vanquished Creatures
  An ettin (D:14)
  5 boulder beetles
  4 hydras
  Erolcha (D:11)
  A vault guard (D:13)
  10 centaur warriors
  A death knight (D:15)
  5 two-headed ogres
  A tengu warrior (D:13)
  A hell knight (Volcano)
  An iron troll (D:13)
  8 skeletal warriors
  A salamander mystic (Volcano)
  A deep troll (D:14)
  2 wizards
  12 ugly things
  3 manticores
  5 cyclopes
  3 deep elf pyromancers (D:14)
  A salamander (shapeshifter) (D:13)
  5 salamanders (Volcano)
  An orc sorcerer (D:15)
  3 gargoyles
  An unseen horror (D:12)
  5 kobold demonologists
  An efreet (D:14)
  A yaktaur (shapeshifter) (D:9)
  A freezing wraith (D:13)
  2 tengu conjurers
  2 komodo dragons
  4 meliai
  3 trolls
  A vampire (D:11)
  A wyvern (D:9)
  2 wraiths
  12 yaks
  A hog (shapeshifter) (D:13)
  A human (shapeshifter) (D:13)
  9 vampire mosquitoes
  Duvessa (D:5)
  3 acid dragons
  A water moccasin (Lair:1)
  2 sky beasts
  An orc warrior (D:8)
  2 black bears
  An ogre (D:7)
  10 centaurs
  13 kobold brigands
  A phantom (D:6)
  2 necrophages
  5 bullfrogs
  3 scorpions (D:5)
  7 wights
  Dowan (D:5)
  15 killer bees
  2 howler monkeys
  An electric eel (D:6)
  4 hounds
  A jelly (D:6)
  3 gnoll boudas
  3 orc priests
  3 iguanas (D:6)
  4 orc wizards
  Robin (D:4)
  27 gnolls
  10 adders
  2 shadow imps
  3 white imps (D:5)
  2 ufetubi
  5 worms
  3 dart slugs
  31 orcs
  12 bats
  3 endoplasms
  6 giant cockroaches
  11 hobgoblins
  4 jackals
  6 quokkas
  8 ball pythons
  5 frilled lizards
  17 goblins
  29 kobolds
  2 rats
399 creatures vanquished.

Vanquished Creatures (others)
  A kobold (D:11)
  2 fungi (D:5)
  2 plants (D:9)
5 creatures vanquished.

Grand Total: 404 creatures vanquished

Notes
Turn   | Place    | Note
-------+----------+-------------------------------------------
     0 | D:1      | Anriel the Minotaur Gladiator began the quest for the Orb.
     0 | D:1      | Reached XP level 1. HP: 18/18 MP: 0/0
   405 | D:1      | Reached skill level 1 in Armour
   405 | D:1      | Reached XP level 2. HP: 25/25 MP: 1/1
   544 | D:1      | Reached skill level 4 in Maces & Flails
   647 | D:1      | Found a faded altar of an unknown god.
   769 | D:1      | Reached XP level 3. HP: 30/31 MP: 2/2
  1477 | D:2      | Reached XP level 4. HP: 10/39 MP: 1/3
  1853 | D:3      | Found Dyutryhu's Weapon Emporium.
  2414 | D:3      | Reached skill level 5 in Maces & Flails
  2414 | D:3      | Reached XP level 5. HP: 46/46 MP: 4/4
  3082 | D:4      | Noticed Robin
  3089 | D:4      | Killed Robin
  3090 | D:4      | Reached XP level 6. HP: 42/55 MP: 5/5
  3185 | D:4      | Reached skill level 5 in Fighting
  3676 | D:4      | Reached skill level 1 in Evocations
  3688 | D:4      | Identified the +5 flail of the Transmuting Bear {vorpal,
                  | MP+9 Str+2 Dex+2}
  3740 | D:4      | Reached XP level 7. HP: 54/61 MP: 6/6
  3867 | D:5      | Entered Level 5 of the Dungeon
  3870 | D:5      | Noticed Dowan
  3872 | D:5      | Reached skill level 5 in Armour
  3872 | D:5      | Noticed Duvessa
  3887 | D:5      | Killed Dowan
  3888 | D:5      | Reached skill level 5 in Dodging
  3895 | D:5      | Killed Duvessa
  3998 | D:5      | Reached XP level 8. HP: 42/68 MP: 7/7
  4166 | D:5      | Found a staircase to the Ecumenical Temple.
  4176 | Temple   | Entered the Ecumenical Temple
  4528 | Temple   | Became a worshipper of Gozag Ym Sagoz the Greedy
  4929 | D:6      | Found Qiosegh's Jewellery Boutique.
  4948 | D:6      | Reached skill level 6 in Maces & Flails
  4991 | D:6      | Found Mutanwav's Antique Weapon Shop.
  4993 | D:6      | Found Anate's Jewellery Emporium.
  4993 | D:6      | Found Ynacavu's Jewellery Shoppe.
  4993 | D:6      | Found Ymaitiakh's Antique Armour Emporium.
  4993 | D:6      | Found Jesoypto's Magic Scroll Boutique.
  4995 | D:6      | Identified the +1 pair of gloves of Lojitit {*Slow rPois
                  | Dex+5}
  5095 | D:6      | Bought a scroll of noise for 11 gold pieces
  5095 | D:6      | Bought a scroll of identify for 22 gold pieces
  5095 | D:6      | Bought a scroll of enchant weapon for 82 gold pieces
  5102 | D:6      | Bought a brightly glowing morningstar for 243 gold pieces
  5102 | D:6      | Identified the +5 morningstar "Mypp" {vorpal, Drain Str+6}
                  | (You bought it in a shop on level 6 of the Dungeon)
  5271 | D:6      | Reached skill level 7 in Maces & Flails
  5321 | D:6      | Got the Catalogue of the Swarm
  5376 | D:6      | Reached XP level 9. HP: 34/70 MP: 8/8
  5463 | D:6      | Reached skill level 5 in Evocations
  5789 | D:6      | Found a hazy altar of Hepliaklqana.
  5789 | D:6      | Found a sparkling altar of Nemelex Xobeh.
  5790 | D:6      | Found a shimmering altar of Xom.
  5790 | D:6      | Found an iron altar of Okawaru.
  5791 | D:6      | Found a hide-covered altar of Uskayaw.
  5791 | D:6      | Found a snail-covered altar of Cheibriados.
  5792 | D:6      | Found a blossoming altar of Fedhas.
  5793 | D:6      | Found a bloodstained altar of Trog.
  5793 | D:6      | Found a radiant altar of Vehumet.
  5796 | D:6      | Found an ornate altar of the Wu Jian Council.
  6031 | D:7      | Identified the +0 ring mail "Ruqafec" {Will+}
  6056 | D:7      | Reached skill level 5 in Throwing
  6067 | D:7      | Reached skill level 8 in Maces & Flails
  6585 | D:7      | Identified a scroll of acquirement
  6585 | D:7      | Acquired a +1 pair of gloves of infusion
  7342 | D:8      | Reached skill level 9 in Maces & Flails
  7350 | D:8      | Identified the +11 great sword "Furewni" {drain, rPois rF+
                  | rC+ Dex-4}
  7605 | D:9      | Reached XP level 10. HP: 63/86 MP: 9/9
  7732 | D:9      | Noticed a sixfirhy
  7753 | D:9      | Noticed a cyclops
  7765 | D:9      | Noticed a two-headed ogre
  7781 | D:9      | Killed a two-headed ogre
  7782 | D:9      | Reached skill level 10 in Maces & Flails
  7791 | D:9      | Noticed a seven-headed hydra
  7791 | D:9      | Identified the ring "Filetot" {rF+ rC++}
  7805 | D:9      | Killed a seven-headed hydra
  7831 | D:9      | Killed a cyclops
  7834 | D:9      | Noticed a manticore
  8013 | D:9      | Killed a manticore
  8014 | D:9      | Reached skill level 10 in Armour
  8031 | D:9      | Identified the amulet "Nythibry" {Spirit rPois rN+}
  8044 | D:9      | Identified the ring of Axtutz {Ice Str+2 SInv}
  8046 | D:9      | Noticed a centaur warrior
  8046 | D:9      | Noticed a centaur warrior
  8048 | D:9      | Identified the amulet of Holl {Reflect +Inv rC+ SH+5}
  8057 | D:9      | Killed a centaur warrior
  8064 | D:9      | Killed a centaur warrior
  8065 | D:9      | Reached XP level 11. HP: 42/99 MP: 8/10
  8760 | D:9      | Found a staircase to the Lair.
  8776 | D:9      | Reached skill level 10 in Fighting
  9078 | D:6      | Bought a scroll of teleportation for 33 gold pieces
  9078 | D:6      | Bought 3 scrolls of fear for 132 gold pieces
  9078 | D:6      | Bought a scroll of fog for 44 gold pieces
  9118 | D:6      | Bought the ring of Lucidity {Fly rN+ rCorr Int-2 Slay+3}
                  | for 417 gold pieces
  9175 | D:10     | Entered Level 10 of the Dungeon
  9212 | D:10     | Noticed a two-headed ogre
  9219 | D:10     | Killed a two-headed ogre
  9344 | D:10     | Found a staircase to the Orcish Mines.
 10034 | D:11     | Noticed Erolcha
 10041 | D:11     | Killed Erolcha
 10050 | D:11     | Noticed a boulder beetle
 10053 | D:11     | Noticed a two-headed ogre
 10053 | D:11     | Noticed a boulder beetle
 10084 | D:11     | Killed a two-headed ogre
 10115 | D:11     | Killed a boulder beetle
 10137 | D:11     | Killed a boulder beetle
 10486 | D:11     | Noticed a sixfirhy
 11034 | D:11     | Reached XP level 12. HP: 68/106 MP: 11/11
 11541 | D:12     | Noticed a two-headed ogre
 11548 | D:12     | Killed a two-headed ogre
 12161 | D:13     | Identified the +6 quarterstaff "Fuvok" {venom, +Blink
                  | Dex+4}
 12173 | D:13     | Found a broken altar of Ashenzari.
 12222 | D:13     | Reached skill level 10 in Dodging
 12243 | D:13     | Noticed a centaur warrior
 12256 | D:13     | Killed a centaur warrior
 12259 | D:13     | Noticed an eight-headed hydra
 12266 | D:13     | Killed an eight-headed hydra
 12273 | D:13     | Noticed a tengu warrior
 12287 | D:13     | Killed a tengu warrior
 12721 | D:13     | Noticed a vault guard
 12742 | D:13     | Killed a vault guard
 12795 | D:13     | Found a gate to the Vaults.
 12855 | D:13     | Reached skill level 11 in Maces & Flails
 13099 | D:13     | Noticed a centaur warrior
 13107 | D:13     | Killed a centaur warrior
 13459 | D:13     | Noticed a centaur warrior
 13472 | D:13     | Killed a centaur warrior
 13473 | D:13     | Reached skill level 10 in Evocations
 13532 | D:13     | Noticed a two-headed ogre
 13577 | D:13     | Killed a two-headed ogre
 13578 | D:13     | Reached XP level 13. HP: 32/113 MP: 10/12
 14110 | D:13     | Acquired 403 gold pieces
 14866 | D:14     | Reached skill level 12 in Maces & Flails
 14874 | D:14     | Identified the +1 robe of Voidij {Str+6}
 14936 | D:14     | Reached skill level 10 in Throwing
 15199 | D:14     | Identified the +2 leather armour of Lifelessness {rC+
                  | Dex+2}
 15587 | Abyss:2  | Cast into level 2 of the Abyss (a wizard)
 15606 | D:14     | Escaped the Abyss
 15908 | D:15     | Entered Level 15 of the Dungeon
 17988 | D:15     | Reached skill level 13 in Maces & Flails
 19422 | D:15     | Noticed an ettin
 19490 | D:14     | Killed an ettin
 19833 | D:15     | Found a staircase to the Depths.
 19881 | D:15     | Reached skill level 14 in Maces & Flails
 19897 | D:15     | Reached XP level 14. HP: 107/121 MP: 13/13
 20721 | Lair:1   | Entered Level 1 of the Lair of Beasts
 20864 | Lair:1   | Found a dark tunnel.
 20869 | Volcano  | Entered a volcano
 20891 | Volcano  | Found a bloodstained altar of Trog.
 21102 | Volcano  | HP: 8/181 [salamander/+0 halberd (3)]
 21107 | Volcano  | Slain by a salamander

Illustrated notes

Levels and vault maps discovered:
D:1:      wheals_arrival_linesprint, layout_basic, basic_ecumenical_altar,
          minivault_5, hangedman_decor_points, hangedman_decor_push
D:2:      layout_rooms, kennysheep_generic_room_5
D:3:      layout_basic, serial_shops, nicolae_shop_hallway_stairs
D:4:      layout_basic, uniq_robin
D:5:      old_forge, layout_cave_pools, temple_fountains, serial_rivers,
          chequers_serial_rivers_small_b, chequers_serial_rivers_marsh,
          chequers_serial_rivers_room_b, chequers_serial_rivers_room_b,
          hellmonk_bongcloud_opening, minmay_misc_feat_rows, uniq_duvessa
D:6:      layout_loops_ring, nicolae_overflows_in_rows,
          nicolae_wooded_promenade, nicolae_sextant
D:7:      layout_loops_ring
D:8:      cheibrodos_helix_gallery, layout_loops_ring,
          chequers_serial_rivers_large_b
D:9:      minmay_the_grid_triangle_9x9_rhombus_thin_mashed
          [minmay_the_grid_triangle_9x9_negative_grid,
          minmay_the_grid_triangle_9x9_prize_special,
          minmay_the_grid_triangle_9x9_swiss_cheese,
          minmay_the_grid_triangle_9x9_shrine], layout_basic,
          david_lair_shrubbed
D:10:     layout_loops_ring, orc_0_dummy
D:11:     layout_roguey, uniq_erolcha
D:12:     layout_basic, lemuel_old_faithful
D:13:     layout_irregular_city, david_vaults_4, cheibrodos_ashenzari_chains
D:14:     layout_roguey, nicolae_integral_box
D:15:     hangedman_depths_entry_civil_slaughter, layout_stronghold
Temple:   minmay_temple_forest_path
Lair:1:   layout_chaotic_city, enter_volcano_4, grunt_megastairs_5
Volcano:  kennysheep_volcano_temple

Skill      XL: |  1  2  3  4  5  6  7  8  9 10 11 12 13 14 |
---------------+-------------------------------------------+-----
Armour         | 1 2 3 4 6 8 10 12 13 | 13.6
Maces & Flails | 4 5 7 9 10 11 14 | 14.7
Fighting       | 3 4 5 7 9 10 | 10.0
Dodging        | 4 5 6 9 10 | 10.0
Evocations     | 1 3 4 5 6 8 10 | 10.0
Throwing       | 4 5 7 9 11 | 11.0

Action                   |  1- 3 |  4- 6 |  7- 9 | 10-12 | 13-15 || total
-------------------------+-------+-------+-------+-------+-------++-------
Melee: Flail             |    89 |   100 |   256 |   362 |   305 ||  1112
       Headbutt          |    11 |    18 |    44 |   100 |   100 ||   273
       Punch             |     1 |     2 |     3 |     6 |     3 ||    15
       Eveningstar       |       |       |       |       |     8 ||     8
Throw: Javelin           |     1 |       |       |       |       ||     1
       Boomerang         |    28 |    76 |    36 |    47 |    71 ||   258
       Dart              |       |       |    36 |    59 |     7 ||   102
       Throwing net      |       |       |     1 |     3 |       ||     4
Invok: Call Merchant     |       |       |       |       |     2 ||     2
Evoke: Wand              |       |       |       |    10 |       ||    10
  Use: Scroll            |     2 |     5 |    13 |     7 |    12 ||    39
       Potion            |       |     3 |     1 |     5 |    11 ||    20
 Stab: Distracted        |       |       |     4 |     3 |       ||     7
Armor: Leather armour    |    21 |    27 |       |       |       ||    48
       Chain mail        |       |       |    72 |       |       ||    72
       Plate armour      |       |       |    24 |   197 |   159 ||   380
Dodge: Dodged            |    59 |    98 |   113 |   193 |   158 ||   621
